 Dungeon Crawl Stone Soup version 0.30-a0-743-gbfdf073431 (webtiles) character file.

Game seed: 18140621656071034853

130704 Querens the Unseen (level 16, -12/80 HPs)
             Began as a Spriggan Enchanter on Feb 7, 2023.
             Was a High Priest of Wu Jian.
             Mangled by a wolf spider (19 damage)
             ... on level 4 of the Spider Nest.
             The game lasted 01:36:41 (15804 turns).

Querens the Unseen (Spriggan Enchanter)            Turns: 15804, Time: 01:36:41

Health: -12/80     AC: 14    Str:  4    XL:     16   Next: 53%
Magic:  21/33      EV: 48    Int: 21    God:    Wu Jian [*****.]
Gold:   1166       SH: 11    Dex: 22    Spells: 25/39 levels left

rFire   + + .      SeeInvis +    b - +4 short sword of Plog {elec, rCorr Int+3 Stlth+}
rCold   . . .      Faith    .    Q - +0 buckler
rNeg    + . .      Spirit   .    L - +3 troll leather armour
rPois   .          Reflect  +    (helmet restricted)
rElec   .          Harm     .    s - +0 cloak
rCorr   +          Rampage  .    (gloves unavailable)
Will    ++...      Clarity  +    (boots unavailable)
Stlth   ++++                     e - amulet of reflection
HPRegen 1.13/turn                Z - ring "Ehovaop" {EV+5 Dex+2}
MPRegen 0.23/turn                c - ring of the Imbibing Madman {rF+ rN+ AC+4}

@: marked, in a heavenly storm, glowing, very quick
A: very small, no large weapons, unfitting armour, see invisible, speed 3,
iridescent scales 1, clarity, clumsy 1, fire resistance 1
a: Renounce Religion, Wall Jump, Serpent's Lash, Heavenly Storm


You were on level 4 of the Spider Nest.
You worshipped Wu Jian.
Wu Jian was extremely pleased with you.
You visited 5 branches of the dungeon, and saw 23 of its levels.
You also visited: Bailey and Volcano.

You collected 2699 gold pieces.
You spent 1533 gold pieces at shops.

Inventory:

Hand Weapons
 b - the +4 short sword of Plog (weapon) {elec, rCorr Int+3 Stlth+}
   (You acquired it in a bailey)

   Int:       It affects your intelligence (+3).
   rCorr:     It protects you from acid and corrosion.
   Stlth:     It makes you more stealthy.
 R - a +5 quick blade of electrocution
Missiles
 U - 2 curare-tipped darts (quivered)
 V - a throwing net
Armour
 d - +0 steam dragon scales
 s - a +0 cloak (worn)
 F - +0 acid dragon scales
 L - a +3 troll leather armour (worn)
 Q - a +0 buckler (worn)
Jewellery
 c - the ring of the Imbibing Madman (right hand) {rF+ rN+ AC+4}
   (You bought it in a shop on level 2 of the Orcish Mines)

   [ring of protection]

   AC:        It affects your AC (+4).
   rF:        It protects you from fire.
   rN:        It protects you from negative energy.
 e - an amulet of reflection (around neck)
 l - a ring of wizardry
 n - a ring of magical power
 t - a ring of protection from fire
 x - a ring of flight
 B - a +6 ring of strength
 D - a ring of ice
 W - a ring of protection from fire
 X - an amulet of magic regeneration
 Z - the ring "Ehovaop" (left hand) {EV+5 Dex+2}
   (You found it on level 3 of the Spider Nest)

   [ring of evasion]

   EV:        It affects your evasion (+5).
   Dex:       It affects your dexterity (+2).
Wands
 p - a wand of quicksilver (12)
 A - a wand of polymorph (6)
 H - a wand of paralysis (3)
 I - a wand of flame (10)
 K - a wand of digging (2)
 P - a wand of roots (6)
Scrolls
 f - 5 scrolls of blinking
 g - 3 scrolls of brand weapon
 h - 13 scrolls of teleportation
 k - 3 scrolls of fear
 r - 4 scrolls of identify
 u - 4 scrolls of immolation
 w - 4 scrolls of magic mapping
 y - 6 scrolls of fog
 J - 3 scrolls of silence
 N - 2 scrolls of amnesia
 Y - a scroll of enchant weapon
Potions
 a - 2 potions of might
 i - 4 potions of cancellation
 j - 4 potions of mutation
 m - 6 potions of brilliance
 o - 5 potions of lignification
 q - 4 potions of berserk rage
 v - a potion of magic
 z - 3 potions of haste
 C - 5 potions of flight
 E - 3 potions of resistance
 G - 3 potions of attraction
 M - 3 potions of heal wounds
 O - a potion of ambrosia
Miscellaneous
 T - a tin of tremorstones (2/2)


   Skills:
 + Level 7.4 Fighting
 + Level 14.9 Short Blades
 + Level 17.6 Dodging
 * Level 18.6 Stealth
 - Level 5.0 Shields
 - Level 12.0 Spellcasting
 - Level 12.2 Hexes
 - Level 14.1 Transmutations


You had 25 spell levels left.
You knew the following spells:

 Your Spells              Type           Power      Damage    Failure   Level
a - Ensorcelled Hibernat  Hex/Ice        76%        N/A       2%          2
b - Confusing Touch       Hex            59%        N/A       1%          3
c - Beastly Appendage     Tmut           100%       N/A       1%          1
d - Wereblood             Tmut           64%        N/A       1%          2
e - Dazzling Flash        Conj/Hex       76%        N/A       4%          3
f - Tukima's Dance        Hex            59%        N/A       1%          3

Your spell library contained the following spells:

 Spells                   Type           Power      Damage    Failure   Level
 Spider Form              Tmut/Pois      42%        N/A       3%          3
 Fulminant Prism          Conj/Hex       19%        3d10      14%         4
 Kiss of Death            Conj/Necr      48%        2d9       19%         1
 Magic Dart               Conj           48%        1d5       19%         1
 Necrotise                Necr           48%        1d6       19%         1
 Searing Ray              Conj           24%        2d5       26%         2
 Static Discharge         Conj/Air       24%        2-3/arc   26%         2
 Summon Mana Viper        Hex/Summ       38%        N/A       38%         5
 Ozocubu's Armour         Ice            12%        N/A       47%         3
 Vampiric Draining        Necr           12%        2d6       47%         3
 Vhi's Electric Charge    Tloc/Air       24%        N/A       47%         3
 Dispel Undead            Necr           12%        3d9       87%         4
 Summon Ice Beast         Ice/Summ       12%        N/A       87%         4
 Agony                    Necr           12%        N/A       99%         5
 Arcjolt                  Conj/Air       6%         1d16      99%         5
 Lightning Bolt           Conj/Air       6%         1d18      99%         5
 Monstrous Menagerie      Summ           6%         N/A       100%        7
 Ozocubu's Refrigeration  Ice            6%         4d8       100%        7
 Maxwell's Capacitive Co  Air            6%         ∞         100%        8


Dungeon Overview and Level Annotations

Branches:
Dungeon (11/15)            Temple (1/1) D:7            Lair (5/5) D:11
  Swamp (0/4) Lair:2       Spider (4/4) Lair:2        Slime (0/5) Lair:4
    Orc (2/2) D:9             Elf (0/3) Orc:2        Bailey (visited)
Volcano (visited)

Altars:
Ashenzari
Cheibriados
Dithmenos
Elyvilon
Hepliaklqana
Kikubaaqudgha
Makhleb
Nemelex Xobeh
Qazlal
Ru
Sif Muna
Vehumet
Wu Jian
Yredelemnul
Zin
The Shining One

Shops:
Orc:2 =![

Annotations:
Spider:4 Louise


Innate Abilities, Weirdness & Mutations

You are very small and have problems with some larger weapons.
You are too small for most types of armour.
You have supernaturally acute eyesight. (SInv)
You cover ground extremely quickly. (Speed+++)
You are partially covered in iridescent scales. (AC +2)
You possess an exceptional clarity of mind.
You are clumsy. (Dex -2)
Your flesh is heat resistant. (rF+)


Message History

The moth of wrath is almost dead.
You spin and attack Louise.
Louise blocks your attack.
Louise is lightly wounded.
Your horns disappear.
Your talons disappear.
The meliai invokes the aid of its god against you.
Something smites you!
The wolf spider completely misses you. x2
The redback completely misses you.
Louise hits you with a +5 demon trident of electrocution!!
* * * LOW HITPOINT WARNING * * *
You spin and attack the moth of wrath.
You puncture the moth of wrath!
You kill the moth of wrath!
The Council accepts your kill.
The jumping spider leaps!
The wolf spider rages.
The redback bites you!
* * * LOW HITPOINT WARNING * * *
You are lethally poisoned!
The redback poisons you!
You feel better. The wolf spider completely misses you.
You block the wolf spider's attack. The redback closely misses you.
The wolf spider completely misses you. You block the wolf spider's attack.
A meliai comes into view. It is wielding a +0 hand axe.
Louise completely misses you. The redback misses you.
The wolf spider completely misses you. x2; The jumping spider leaps!
You feel much better.
The jumping spider completely misses you.
You block the jumping spider's attack.
The meliai calls down the wrath of its god upon you.
Something smites you!
* * * LOW HITPOINT WARNING * * *
The meliai invokes the aid of its god against you.
Something smites you!
* * * LOW HITPOINT WARNING * * *
The redback bites you.
* * * LOW HITPOINT WARNING * * *
The wolf spider completely misses you. You block the wolf spider's attack.
The jumping spider pounces on you but does no damage.
The jumping spider misses you. The redback closely misses you.
Louise completely misses you. The wolf spider hits you!!
You die...

^~...☼#§☼§§○#~....^^#
#....☼☼§§§○§#☼§☼...#
#....☼☼☼ss§☼y§☼☼..≈#
#....§§☼§☼§s§§§§~.#
##^...§§§○○☼§☼§§..#
#^....§§§§§§§§§###
#......○☼☼y§@☼☼#
##......☼sssy§##
#~.....☼y@§§☼#
##.^.!!§§§§§##
##^~!!☼☼§§##
##^≈[φ.^## ########


You could see Louise (resistant), a ghost moth (invisible), a wolf spider
(berserk), a jumping spider (berserk), a redback (berserk) and 2 meliai.

Vanquished Creatures
  Arachne (Spider:3)
  3 emperor scorpions
  5 ghost moths
  2 broodmothers
  A stone giant (Volcano)
  3 spark wasps
  4 entropy weavers
  3 hydras
  3 jorogumos
  2 radroaches (Spider:4)
  The ghost of Hacuesm the Severer, a journeyman TeBe of Trog (Lair:1)
  5 boulder beetles
  3 two-headed ogres
  7 orc high priests
  6 death yaks
  Nergalle (Orc:1)
  2 sun moths
  Amaemon (D:8)
  7 pharaoh ants
  8 orb spiders
  A bog body (Lair:4)
  5 orc sorcerers (Orc:2)
  4 steelbarb worms
  A cyclops (D:11)
  19 wolf spiders
  4 moths of wrath
  12 elephants
  4 black mambas
  2 torpor snails
  A gargoyle (Volcano)
  7 demonic crawlers
  8 cane toads
  An efreet (Volcano)
  An orange demon (D:8)
  An unseen horror (D:11)
  3 rime drakes (Lair:4)
  11 komodo dragons
  2 ice devils (Lair:4)
  10 polar bears
  6 trolls
  5 meliai
  27 tarantellas
  6 hornets
  12 blink frogs
  3 dream sheep (Lair:5)
  20 jumping spiders
  22 culicivoras
  14 spriggans (Lair:5)
  A shadow (D:10)
  3 fire bats (Lair:3)
  38 yaks
  5 wyverns
  A fire elemental (Volcano)
  An unseen horror simulacrum (D:9)
  8 basilisks
  4 steam dragons
  7 vampire mosquitoes
  48 redbacks
  3 wargs
  A death yak simulacrum (Lair:4)
  3 acid dragons
  A harpy simulacrum (Lair:4)
  15 water moccasins
  4 ice beasts
  27 orc warriors
  6 black bears
  5 ogres
  4 boggarts (Lair:5)
  27 wolves
  A centaur (D:9)
  2 phantoms
  A necrophage (D:8)
  5 bullfrogs
  3 earth elementals (Volcano)
  10 scorpions
  7 wights
  An elephant simulacrum (Lair:4)
  22 killer bees
  4 electric eels
  A howler monkey (D:5)
  12 jellies
  31 orc priests
  A hound (D:5)
  6 iguanas
  20 orc wizards
  6 hell rats
  A centaur simulacrum (D:9)
  4 adders
  7 gnolls
  2 naga simulacra (Lair:4)
  A river rat (Bailey)
  A shadow imp (D:7)
  4 white imps
  An ufetubus (D:4)
  3 dart slugs
  68 orcs
  6 bats
  5 endoplasms
  3 giant cockroaches
  9 goblins
  11 hobgoblins
  3 quokkas
  6 ball pythons
  2 frilled lizards
  5 kobolds
  9 rats
  A butterfly (Lair:1)
777 creatures vanquished.

Vanquished Creatures (others)
  An emperor scorpion (Spider:4)
  A dancing weapon (D:8)
  A redback (Spider:2)
  6 fungi
  16 plants
25 creatures vanquished.

Grand Total: 802 creatures vanquished

Notes
Turn   | Place    | Note
-------+----------+-------------------------------------------
     0 | D:1      | Querens the Spriggan Enchanter began the quest for the Orb.
     0 | D:1      | Reached XP level 1. HP: 9/9 MP: 5/5
   447 | D:1      | Reached XP level 2. HP: 13/13 MP: 6/6
   588 | D:1      | Learned a level 2 spell: Ensorcelled Hibernation
  1232 | D:2      | Reached XP level 3. HP: 12/16 MP: 8/8
  1703 | D:2      | Found a glowing silver altar of Zin.
  2305 | D:3      | Reached XP level 4. HP: 21/21 MP: 10/10
  2342 | D:4      | Noticed a phantom
  2369 | D:3      | Learned a level 3 spell: Confusing Touch
  2371 | D:3      | Learned a level 1 spell: Beastly Appendage
  2374 | D:3      | Learned a level 2 spell: Wereblood
  2387 | D:4      | Killed a phantom
  2388 | D:4      | Reached XP level 5. HP: 21/24 MP: 5/11
  2642 | D:4      | Noticed a black bear
  2696 | D:4      | Killed a black bear
  2697 | D:4      | Reached skill level 5 in Hexes
  2697 | D:4      | Reached XP level 6. HP: 26/28 MP: 9/13
  2896 | D:5      | Entered Level 5 of the Dungeon
  2921 | D:5      | Reached skill level 5 in Dodging
  2994 | D:5      | Reached skill level 5 in Spellcasting
  3047 | D:5      | Reached XP level 7. HP: 17/32 MP: 12/15
  3471 | D:6      | Found a shimmering blue altar of Sif Muna.
  3472 | D:6      | Found a radiant altar of Vehumet.
  3472 | D:6      | Found a white marble altar of Elyvilon.
  3474 | D:6      | Found a basalt altar of Yredelemnul.
  3474 | D:6      | Found a sacrificial altar of Ru.
  3477 | D:6      | Found a broken altar of Ashenzari.
  3477 | D:6      | Found a sparkling altar of Nemelex Xobeh.
  3478 | D:6      | Found a burning altar of Makhleb.
  3715 | D:7      | Reached XP level 8. HP: 36/36 MP: 15/18
  3728 | D:7      | Reached skill level 5 in Short Blades
  3821 | D:7      | You fall into a shaft and drop 1 floor!
  3827 | D:8      | Noticed a two-headed ogre
  4071 | D:7      | Found a staircase to the Ecumenical Temple.
  4253 | Temple   | Entered the Ecumenical Temple
  4273 | Temple   | Became a worshipper of the Wu Jian Council
  4504 | D:7      | Learned a level 3 spell: Dazzling Flash
  4508 | D:7      | Learned a level 3 spell: Tukima's Dance
  4591 | D:8      | Noticed an orange demon
  4627 | D:8      | Killed an orange demon
  4628 | D:8      | Reached skill level 1 in Transmutations
  4646 | D:8      | Noticed Amaemon
  4680 | D:8      | Killed Amaemon
  4681 | D:8      | Reached XP level 9. HP: 39/39 MP: 8/21
  4775 | D:8      | Gained mutation: You are clumsy. (Dex -2) [potion of
                  | mutation]
  4775 | D:8      | Gained mutation: Your flesh is heat resistant. (rF+)
                  | [potion of mutation]
  4775 | D:8      | Gained mutation: You possess an exceptional clarity of
                  | mind. [potion of mutation]
  4775 | D:8      | Gained mutation: You are partially covered in iridescent
                  | scales. (AC +2) [potion of mutation]
  4957 | D:8      | Reached skill level 5 in Transmutations
  5035 | D:8      | Killed a two-headed ogre
  5036 | D:8      | Reached XP level 10. HP: 44/44 MP: 15/23
  5347 | D:9      | Found a staircase to the Orcish Mines.
  5372 | D:9      | Reached * piety under Wu Jian
  5382 | D:9      | Found a flagged portal.
  5391 | Bailey   | Entered a bailey
  5462 | Bailey   | Reached skill level 10 in Dodging
  5524 | Bailey   | Noticed an orc high priest
  5690 | Bailey   | Acquired the +4 short sword of Plog {elec, rCorr Int+3
                  | Stlth+}
  5731 | Bailey   | Killed an orc high priest
  5827 | Bailey   | Reached skill level 10 in Hexes
  5900 | Bailey   | Found an iron altar of Okawaru.
  5902 | Bailey   | Noticed an orc high priest
  5955 | Bailey   | Reached ** piety under Wu Jian
  5958 | Bailey   | Reached XP level 11. HP: 58/58 MP: 25/25
  5995 | Bailey   | Killed an orc high priest
  6112 | D:9      | Reached skill level 10 in Spellcasting
  6117 | D:9      | Reached XP level 12. HP: 63/63 MP: 11/27
  6395 | D:9      | Found a glowing golden altar of the Shining One.
  6554 | D:10     | Entered Level 10 of the Dungeon
  6818 | D:10     | Noticed a two-headed ogre
  6823 | D:10     | Killed a two-headed ogre
  6901 | D:10     | Reached *** piety under Wu Jian
  7719 | D:11     | Found a staircase to the Lair.
  7771 | D:11     | Noticed a two-headed ogre
  7789 | D:11     | Killed a two-headed ogre
  7986 | Orc:1    | Entered Level 1 of the Orcish Mines
  8073 | Orc:2    | Entered Level 2 of the Orcish Mines
  8095 | Orc:2    | Reached skill level 10 in Short Blades
  8297 | Orc:2    | Found a staircase to the Elven Halls.
  8306 | Orc:2    | Noticed an orc high priest
  8328 | Orc:2    | Killed an orc high priest
  8439 | Orc:2    | Reached skill level 10 in Transmutations
  8517 | Orc:2    | Reached **** piety under Wu Jian
  8541 | Orc:2    | Reached XP level 13. HP: 21/65 MP: 10/29
  8688 | Orc:1    | Noticed Nergalle
  8721 | Orc:1    | Killed Nergalle
  8969 | Orc:2    | Reached ***** piety under Wu Jian
  9037 | Orc:2    | Found Zorit's Antique Armour Shoppe.
  9037 | Orc:2    | Found Kymet's Magic Scroll Shoppe.
  9040 | Orc:2    | Found Runos's Jewellery Emporium.
  9055 | Orc:2    | Found Teogy's Distillery.
  9085 | Orc:2    | Bought the ring of the Imbibing Madman {rF+ rN+ AC+4} for
                  | 704 gold pieces
  9088 | Orc:2    | Bought a scroll of silence for 123 gold pieces
  9088 | Orc:2    | Bought a scroll of enchant armour for 97 gold pieces
  9088 | Orc:2    | Bought a scroll of fog for 52 gold pieces
  9088 | Orc:2    | Bought a scroll of amnesia for 52 gold pieces
  9090 | Orc:2    | Bought a potion of ambrosia for 120 gold pieces
  9090 | Orc:2    | Bought a potion of brilliance for 60 gold pieces
  9090 | Orc:2    | Bought a potion of attraction for 45 gold pieces
  9092 | Orc:2    | Bought a scroll of identify for 26 gold pieces
  9092 | Orc:2    | Bought a scroll of identify for 26 gold pieces
  9092 | Orc:2    | Bought a scroll of identify for 26 gold pieces
  9092 | Orc:2    | Bought a scroll of fear for 52 gold pieces
  9099 | Orc:2    | Bought a potion of haste for 150 gold pieces
  9318 | Lair:1   | Entered Level 1 of the Lair of Beasts
  9453 | Lair:1   | Reached skill level 5 in Stealth
  9568 | Lair:1   | Reached skill level 6 in Stealth
  9672 | Lair:1   | Found a runed translucent gate.
  9705 | Lair:1   | Found a runed translucent gate.
  9705 | Lair:1   | Found a runed translucent gate.
  9743 | Lair:1   | Noticed Hacuesm's ghost (journeyman TeBe)
  9776 | Lair:1   | Killed Hacuesm's ghost
  9947 | Lair:2   | Reached skill level 7 in Stealth
 10013 | Lair:2   | Found a hole to the Spider Nest.
 10275 | Lair:2   | Found a staircase to the Swamp.
 10307 | Lair:2   | Found a glowing golden altar of the Shining One.
 10411 | Lair:3   | Reached skill level 8 in Stealth
 10756 | Lair:3   | Found a dark tunnel.
 10871 | Volcano  | Entered a volcano
 10892 | Volcano  | Noticed a stone giant
 11089 | Volcano  | Killed a stone giant
 11090 | Volcano  | Reached skill level 9 in Stealth
 11226 | Lair:3   | Reached XP level 14. HP: 72/72 MP: 27/31
 11318 | Lair:4   | Reached ****** piety under Wu Jian
 11361 | Lair:4   | Reached skill level 10 in Stealth
 11439 | Lair:4   | Found a staircase to the Slime Pits.
 11753 | Lair:4   | Acquired a +4 quick blade of electrocution
 11923 | Lair:4   | Reached skill level 11 in Stealth
 12147 | Lair:5   | Entered Level 5 of the Lair of Beasts
 12178 | Lair:5   | Reached skill level 1 in Shields
 12393 | Lair:5   | Reached skill level 15 in Dodging
 12415 | Lair:5   | Reached skill level 12 in Stealth
 13119 | Spider:1 | Entered Level 1 of the Spider Nest
 13229 | Spider:1 | Noticed an emperor scorpion
 13249 | Spider:1 | Reached XP level 15. HP: 75/75 MP: 29/32
 13268 | Spider:1 | Killed an emperor scorpion
 13269 | Spider:1 | Reached skill level 13 in Stealth
 13999 | Spider:2 | Reached skill level 5 in Shields
 14255 | Spider:2 | Identified the +2 pair of gloves of the Realm of Zot {rC+
                  | Regen+ Int-4}
 14349 | Spider:3 | Reached skill level 14 in Stealth
 14352 | Spider:3 | Noticed Arachne
 14380 | Spider:3 | Killed Arachne
 14466 | Spider:3 | Reached skill level 15 in Stealth
 14597 | Spider:3 | Noticed an emperor scorpion
 14607 | Spider:3 | Killed an emperor scorpion
 14615 | Spider:3 | Reached skill level 16 in Stealth
 14885 | Spider:3 | Reached XP level 16. HP: 61/80 MP: 33/33
 14948 | Spider:3 | Identified the ring "Ehovaop" {EV+5 Dex+2}
 15308 | Spider:4 | Entered Level 4 of the Spider Nest
 15337 | Spider:4 | Reached skill level 17 in Stealth
 15654 | Spider:4 | Reached skill level 18 in Stealth
 15787 | Spider:4 | Noticed Louise
 15802 | Spider:4 | HP: 3/80 [redback (16)]
 15804 | Spider:4 | Mangled by a wolf spider

Illustrated notes

Levels and vault maps discovered:
D:1:      amcnicky_arrival_feature_with_door, layout_loops_corners,
          serial_co_window_serial, co_window_corner_a, co_window_corner_a,
          co_window_paths_b, co_window_of_opportunity_a, co_window_corner_a,
          co_window_paths_c, co_window_broadway_c, co_window_corner_b,
          co_window_corner_b, co_window_2corner, co_window_cross_4,
          co_window_of_opportunity_b, minmay_octomino_c4
D:2:      layout_loops_ring, basic_altar
D:3:      layout_basic
D:4:      layout_cave_pools
D:5:      layout_basic
D:6:      layout_basic, grunt_temple_overflow_open
D:7:      layout_basic, minmay_temple_entry_slanted
D:8:      layout_basic, uniq_amaemon
D:9:      layout_long_grid, nicolae_tso_swordbearing_angel, david_orc_2,
          enter_bailey_2, serial_ice, serial_ice_a, serial_ice_l, serial_ice_b,
          serial_ice_o, serial_ice_h, serial_ice_c, serial_ice_d, serial_ice_e,
          serial_ice_m, serial_ice_g
D:10:     layout_basic
D:11:     layout_basic, erik_lair_dragon
Temple:   dshaligram_water_room_temple
Lair:1:   layout_regular_city, gammafunk_ghost_hydra_chop,
          nicolae_lair_grazing_beasts [nicolae_sub_lair_graze_edge,
          nicolae_sub_lair_graze_edge, nicolae_sub_lair_graze_edge,
          nicolae_sub_lair_graze_edge], lemuel_fruit_fields,
          serial_bayou_shore_a
Lair:2:   layout_regular_city, swamp_mist, hellmonk_spider_entry_not_the_bees,
          basic_altar, grunt_megastairs_2
Lair:3:   layout_gridlike, enter_volcano_2, st_stairs_5, minivault_25
Lair:4:   dreamdust_isle_of_ice, layout_misc_corridors,
          minmay_slime_entry_jelly_boxes, patterned_corridor
Lair:5:   minmay_lair_end_enchanted_forest, layout_gridlike,
          nicolae_quartered_pool_super
Spider:1: layout_chambers, nicolae_spider_shape
Spider:2: nicolae_spider_broodchamber
Spider:3: nicolae_spider_corner, nicolae_spider_cling_halls, uniq_arachne
Spider:4: grunt_spider_rune_parallel, uniq_louise
Orc:1:    layout_diamond_mine, basic_altar, mines1_david, uniq_nergalle
Orc:2:    st_orc_mages, layout_diamond_mine, basic_altar, kennysheep_orc_chapel

Skill      XL: |  1  2  3  4  5  6  7  8  9 10 11 12 13 14 15 16 |
---------------+-------------------------------------------------+-----
Dodging        | 3 4 5 6 8 9 10 12 14 15 16 17 | 17.6
Spellcasting   | 3 4 5 6 7 8 9 10 11 12 | 12.0
Hexes          | 4 5 6 8 9 10 11 12 | 12.2
Short Blades   | 2 3 4 6 7 8 10 11 13 14 | 14.9
Transmutations | 3 5 7 10 12 13 14 | 14.1
Fighting       | 7 |  7.4
Stealth        | 9 12 16 18 | 18.6
Shields        | 3 5 |  5.0

Action                     |  1- 3 |  4- 6 |  7- 9 | 10-12 | 13-15 | 16-18 || total
---------------------------+-------+-------+-------+-------+-------+-------++-------
  Melee: Dagger            |   154 |   111 |   104 |    78 |       |       ||   447
         Punch             |     2 |       |     1 |     7 |     2 |       ||    12
         Short sword       |       |       |       |   350 |  1303 |   249 ||  1902
         Headbutt          |       |       |       |    12 |   272 |    44 ||   328
         Kick              |       |       |       |     9 |   484 |    84 ||   577
         Quick blade       |       |       |       |       |   109 |       ||   109
   Cast: Ensorcelled Hiber |     3 |    20 |    56 |    78 |    70 |       ||   227
         Confusing Touch   |       |     2 |     4 |    31 |    47 |       ||    84
         Tukima's Dance    |       |       |     2 |       |       |       ||     2
         Wereblood         |       |       |       |     3 |    36 |     3 ||    42
         Beastly Appendage |       |       |       |     2 |    30 |     2 ||    34
         Dazzling Flash    |       |       |       |       |    13 |       ||    13
 Invoke: Heavenly Storm    |       |       |       |       |     4 |     2 ||     6
Ability: Lunge             |       |       |     6 |    44 |    94 |    13 ||   157
         Whirlwind         |       |       |       |    10 |   420 |   207 ||   637
  Evoke: Wand              |       |       |     3 |     9 |     2 |       ||    14
    Use: Potion            |       |       |     8 |     2 |     2 |     2 ||    14
         Scroll            |       |       |     5 |     4 |    12 |       ||    21
   Stab: Sleeping          |    20 |    15 |    33 |    71 |    69 |     8 ||   216
         Distracted        |     1 |       |     1 |     1 |       |     1 ||     4
         Confused          |       |     3 |     5 |    32 |    42 |       ||    82
         Invisible         |       |       |     2 |       |    39 |       ||    41
         Fleeing           |       |       |       |       |     1 |       ||     1
 Armour: Robe              |    10 |     7 |     4 |       |       |       ||    21
         Skin              |       |       |     3 |       |       |       ||     3
         Steam dragon scal |       |       |       |    12 |       |       ||    12
         Troll leather arm |       |       |       |     7 |    74 |    13 ||    94
  Dodge: Dodged            |    81 |    64 |    74 |   240 |   869 |   221 ||  1549
  Block: Other             |    23 |     8 |    16 |    50 |    93 |       ||   190
         Reflection        |       |       |     1 |     1 |     4 |     2 ||     8
         Buckler           |       |       |       |       |   263 |    87 ||   350

Table legend: (Time is in decaauts)
 A = Elapsed time spent in this place.
 B = Non-inter-level travel time spent in this place.
 C = Inter-level travel time spent in this place.
 D = Time resting spent in this place.
 E = Time spent auto-exploring this place.
 F = Levels seen in this place.
 G = Mean time per level.
                   A        B        C        D        E       F      G
               +--------+--------+--------+--------+--------+-----+--------+
         Total |  10041 |   8853 |   1188 |     82 |      0 |  25 |  401.6 |
       Dungeon |   4740 |   4155 |    585 |      5 |      0 |  11 |  430.9 |
        Temple |     25 |     14 |     11 |      0 |      0 |   1 |   25.0 |
          Lair |   2227 |   1917 |    310 |      0 |      0 |   5 |  445.4 |
   Spider Nest |   1663 |   1452 |    211 |      3 |      0 |   4 |  415.8 |
  Orcish Mines |    775 |    707 |     68 |      0 |      0 |   2 |  387.5 |
        Bailey |    460 |    460 |      0 |     74 |      0 |   1 |  460.0 |
       Volcano |    148 |    148 |      0 |      0 |      0 |   1 |  148.0 |
               +--------+--------+--------+--------+--------+-----+--------+

Top non-repeatable levels by time:
     D:1: 747 daAuts
Spider:3: 602 daAuts
     D:9: 551 daAuts
  Lair:4: 544 daAuts
  Lair:5: 541 daAuts
     D:8: 513 daAuts
Spider:1: 502 daAuts
    D:10: 498 daAuts
   Orc:2: 490 daAuts
  Bailey: 460 daAuts
    D:11: 442 daAuts
  Lair:3: 429 daAuts
     D:3: 419 daAuts
  Lair:1: 372 daAuts
     D:7: 352 daAuts
